 Dungeon Crawl Stone Soup version 0.28-a0-1415-g7c84da036a (webtiles) character file.

Game seed: 550159061524520482

44 eustatius the Cudgeller (level 3, -3/29 HPs)
             Began as a Minotaur Wanderer on Jan 8, 2022.
             Killed by divine providence
             ... invoked by an orc priest
              (15 damage)
             ... on level 3 of the Dungeon.
             The game lasted 00:06:04 (1790 turns).

eustatius the Cudgeller (Minotaur Wanderer)         Turns: 1790, Time: 00:06:04

Health: -3/29      AC:  9    Str: 20    XL:     3   Next: 41%
Magic:  0/0        EV:  7    Int: 10    God:
Gold:   66         SH:  0    Dex: 10    Spells: 2/2 levels left

rFire   + . .      SeeInvis .   l - +11 flail of the Scroll {antimagic, Fly Dex+4}
rCold   . . .      Faith    .   (no shield)
rNeg    . . .      Spirit   .   p - +0 chain mail
rPois   .          Reflect  .   (helmet restricted)
rElec   .          Harm     .   (no cloak)
rCorr   +          Rampage  .   (no gloves)
Will    .....                   (no boots)
Stlth   ..........              (no amulet)
HPRegen 0.09/turn               d - ring of resist corrosion
MPRegen 0.07/turn               j - ring of protection from fire

@: flying
A: horns 2, retaliatory headbutt
a: no special abilities


You were on level 3 of the Dungeon.
You visited 1 branch of the dungeon, and saw 3 of its levels.

You collected 66 gold pieces.

Inventory:

Hand Weapons
 a - a +2 mace
 l - the +11 flail of the Scroll (weapon) {antimagic, Fly Dex+4}
   (You found it on level 2 of the Dungeon)

   It reduces the magical energy of the wielder, and disrupts the spells and
   magical abilities of those it strikes.
   Natural abilities and divine invocations are not affected.
   Dex:       It affects your dexterity (+4).
   Fly:       It grants you flight.
Missiles
 f - 20 sling bullets
 i - 27 stones (quivered)
 k - 20 bolts
Armour
 c - a +0 ring mail
 p - a +0 chain mail (worn)
Jewellery
 d - a ring of resist corrosion (left hand)
 j - a ring of protection from fire (right hand)
 n - a ring of protection from fire
Scrolls
 b - a scroll of vulnerability
 g - a scroll of magic mapping {unknown}
 h - a scroll of identify {unknown}
 o - a scroll of fog {unknown}
Potions
 e - a potion of heal wounds {unknown}
 m - a potion of resistance {unknown}


   Skills:
 * Level 1.7 Fighting
 * Level 5.8 Maces & Flails
 * Level 3.1 Armour
 * Level 1.1 Dodging
 + Level 1.0 Stealth
 - Level 1.0 Evocations


You had 2 spell levels left.
You didn't know any spells.
Your spell library was empty.

Dungeon Overview and Level Annotations

Branches:
Dungeon (3/15)

Altars:


Innate Abilities, Weirdness & Mutations

You have a pair of horns on your head.
You reflexively headbutt those who attack you in melee.


Message History

You fly downwards.
The kobold shouts!
There is a stone staircase leading up here.
You thump the kobold!
You kill the kobold!
Found a club.
A howler monkey zombie comes into view.
You sock the howler monkey zombie!
The howler monkey zombie is moderately damaged.
The howler monkey zombie closely misses you.
You sock the howler monkey zombie!
The howler monkey zombie is severely damaged.
The howler monkey zombie hits you but does no damage.
The howler monkey zombie hits you.
You sock the howler monkey zombie!
You destroy the howler monkey zombie!
Your Armour skill increases to level 3!
Found a chain mail.
You see here a +0 chain mail.
p - a +0 chain mail You start removing your armour.
You continue taking off your +0 ring mail. x4
You finish taking off your +0 ring mail.
You start putting on your armour.
You continue putting on your +0 chain mail. x5
You finish putting on your +0 chain mail.
Found a topaz-studded leather armour.
An orc priest comes into view. It is wielding a +0 dagger.
The orc priest shouts!
You hear a shout!
Found a stone staircase leading up.
The orc priest mumbles some strange prayers to Beogh against you.
Beogh smites you!
Ouch! That really hurt!
An orc wizard comes into view. It is wielding a +0 dagger.
An orc comes into view. It is wielding a +0 short sword.
The orc shouts!
The orc priest mumbles some strange prayers to Beogh against you.
Beogh smites you!
Ouch! That really hurt!
You die...

#........###..#
#............##
#
#.....)..#####
#.##.....#### #
#......#.#
#.####...#.#
#<..##..##.#
#.....##.#
.....#.@##.#
....##.[.#
.##....#.#
###.. .# #.o ..
#.. #.. .o. ##
o...


You could see an orc priest, an orc wizard and an orc.

Vanquished Creatures
  A howler monkey zombie (D:3)
  A worm (D:2)
  3 endoplasms (D:2)
  4 goblins
  3 hobgoblins (D:2)
  A quokka (D:2)
  3 ball pythons
  A bat (D:1)
  3 frilled lizards
  7 kobolds
  2 rats
29 creatures vanquished.

Notes
Turn   | Place    | Note
-------+----------+-------------------------------------------
     0 | D:1      | eustatius the Minotaur Wanderer began the quest for the
                  | Orb.
     0 | D:1      | eustatius set off with the following items: a +2 mace, a
                  | scroll of vulnerability, a +0 ring mail
     0 | D:1      | Reached XP level 1. HP: 16/16 MP: 0/0
    77 | D:1      | Reached skill level 5 in Maces & Flails
   296 | D:1      | Reached XP level 2. HP: 23/23 MP: 1/1
   305 | D:1      | You fall into a shaft and drop 1 floor!
  1092 | D:2      | Identified the +11 flail of the Scroll {antimagic, Fly
                  | Dex+4}
  1257 | D:2      | Reached XP level 3. HP: 28/28 MP: 0/2
  1790 | D:3      | Killed from afar by an orc priest

Illustrated notes

Levels and vault maps discovered:
D:1:      dpeg_arrival_erosion, layout_loops_ring
D:2:      layout_basic, kennysheep_generic_room_15
D:3:      layout_rooms, chequers_ecumenical_altar_simple_redux,
          minmay_liquid_box

Skill      XL: |  1  2  3 |
---------------+----------+-----
Maces & Flails | 5 |  5.8
Armour         | 3 |  3.1
Fighting       | |  1.7
Dodging        | |  1.1
Stealth        | |  1.0
Evocations     | |  1.0

Action                   || total
-------------------------++-------
Melee: Mace              ||    43
       Flail             ||     8
       Headbutt          ||     1
Armor: Ring mail         ||    16
Dodge: Dodged            ||    18

Table legend: (Time is in decaauts)
 A = Elapsed time spent in this place.
 B = Non-inter-level travel time spent in this place.
 C = Inter-level travel time spent in this place.
 D = Time resting spent in this place.
 E = Time spent auto-exploring this place.
 F = Levels seen in this place.
 G = Mean time per level.
                   A        B        C        D        E       F      G
               +--------+--------+--------+--------+--------+-----+--------+
         Total |   1795 |   1630 |    165 |      0 |   1294 |   3 |  598.3 |
       Dungeon |   1795 |   1630 |    165 |      0 |   1294 |   3 |  598.3 |
               +--------+--------+--------+--------+--------+-----+--------+

Top non-repeatable levels by time:
     D:2: 1419 daAuts
     D:1: 307 daAuts
     D:3: 68 daAuts
